 Dungeon Crawl Stone Soup version 0.30-a0-782-ge64f9170bb (webtiles) character file.

Game seed: 13759438220254541960

59157 funkygono the Fencer (level 14, -6/127 HPs)
             Began as a Minotaur Fighter on Mar 7, 2023.
             Was an Elder of Makhleb.
             Killed by divine providence
             ... invoked by Saint Roka
              (12 damage)
             ... on level 2 of the Orcish Mines.
             The game lasted 00:48:38 (21015 turns).

funkygono the Fencer (Minotaur Fighter)            Turns: 21015, Time: 00:48:39

Health: -6/127     AC: 36    Str: 25    XL:     14   Next: 52%
Magic:  18/18      EV: 21    Int:  5    God:    Makhleb [****..]
Gold:   1931       SH: 14    Dex: 11    Spells: 13/13 levels left

rFire   . . .      SeeInvis +    G - +4 falchion (elec)
rCold   + . .      Faith    .    h - +1 kite shield of the Chupacabra {+Blink rC+}
rNeg    . . .      Spirit   .    t - +1 crystal plate armour
rPois   .          Reflect  .    H - +2 hat {Will+}
rElec   .          Harm     .    q - +1 cloak
rCorr   .          Rampage  .    l - +2 pair of gloves
Will    ++...                    (no boots) Stlth
                                 i - amulet of the acrobat
HPRegen 0.41/turn                r - ring of see invisible
MPRegen 0.16/turn                w - +4 ring of protection

@: acrobatic, studying Translocations
A: horns 2, retaliatory headbutt
a: Renounce Religion, Evoke Blink, Minor Destruction, Lesser Servant of Makhleb,
Major Destruction


You were on level 2 of the Orcish Mines.
You worshipped Makhleb.
Makhleb was greatly pleased with you.
You visited 4 branches of the dungeon, and saw 18 of its levels.
You also visited: Ossuary and Volcano.

You collected 1931 gold pieces.

Inventory:

Hand Weapons
 f - a +4 vampiric scimitar
 z - a +1 scimitar of flaming
 G - a +4 falchion of electrocution (weapon)
 T - a +2 great sword
Missiles
 a - 2 throwing nets
 L - 21 boomerangs (quivered)
 M - 10 curare-tipped darts
 N - 19 poisoned darts
 Q - 4 datura-tipped darts
 U - 3 silver boomerangs
Armour
 h - the +1 kite shield of the Chupacabra (worn) {+Blink rC+}
   (You found it on level 2 of the Dungeon)

   rC:        It protects you from cold.
   +Blink:    It lets you blink.
 l - a +2 pair of gloves (worn)
 q - a +1 cloak (worn)
 t - a +1 crystal plate armour (worn)
 D - a scarf of resistance
 H - a +2 hat of willpower (worn)
Magical Staves
 O - a staff of cold
Jewellery
 i - an amulet of the acrobat (around neck)
 r - a ring of see invisible (left hand)
 w - a +4 ring of protection (right hand)
 C - a ring of magical power
Wands
 e - a wand of paralysis (3)
 p - a wand of mindburst (18)
 u - a wand of acid (8)
 y - a wand of polymorph (6)
 I - a wand of flame (25)
Scrolls
 j - 4 scrolls of blinking
 k - 6 scrolls of teleportation
 m - 4 scrolls of fear
 s - a scroll of identify
 J - 2 scrolls of amnesia
 K - 2 scrolls of fog
Potions
 b - 7 potions of curing
 d - 4 potions of heal wounds
 g - a potion of might
 n - 2 potions of invisibility
 o - 4 potions of flight
 v - 3 potions of berserk rage
 F - 3 potions of mutation
 P - 3 potions of haste
 R - 2 potions of cancellation
 W - 3 potions of resistance
Miscellaneous
 c - a piece from Xom's chessboard (15/15)


   Skills:
 + Level 12.7 Fighting
 + Level 15.7 Long Blades
 + Level 3.2 Throwing
 + Level 14.3 Armour
 + Level 4.2 Dodging
 + Level 2.3 Stealth
 + Level 15.7 Shields
 + Level 7.4 Invocations
 + Level 2.1 Evocations


You had 13 spell levels left.
You didn't know any spells.
Your spell library contained the following spells:

 Spells                   Type           Power      Damage    Failure   Level
 Apportation              Tloc           0%         N/A       100%        1
 Necrotise                Necr           0%         1d4       100%        1
 Summon Small Mammal      Summ           0%         N/A       100%        1
 Scorch                   Fire           0%         2d5       100%        2
 Static Discharge         Conj/Air       0%         2-2/arc   100%        2
 Sublimation of Blood     Necr           0%         N/A       100%        2
 Call Canine Familiar     Summ           0%         N/A       100%        3
 Frozen Ramparts          Ice            0%         1d1       100%        3
 Portal Projectile        Hex/Tloc       0%         N/A       100%        3
 Stone Arrow              Conj/Erth      0%         3d7       100%        3
 Vhi's Electric Charge    Tloc/Air       0%         N/A       100%        3
 Anguish                  Hex/Necr       0%         N/A       100%        4
 Animate Armour           Summ/Erth      0%         N/A       100%        4
 Flame Wave               Conj/Fire      0%         2d4       100%        4
 Ice Form                 Ice/Tmut       0%         N/A       100%        4
 Leda's Liquefaction      Hex/Erth       0%         N/A       100%        4
 Petrify                  Tmut/Erth      0%         N/A       100%        4
 Summon Ice Beast         Ice/Summ       0%         N/A       100%        4
 Arcjolt                  Conj/Air       0%         1d10      100%        5
 Irradiate                Conj/Tmut      0%         3d11      100%        5
 Lightning Bolt           Conj/Air       0%         1d11      100%        5
 Summon Cactus Giant      Summ           0%         N/A       100%        6
 Enfeeble                 Hex            0%         N/A       100%        7
 Lehudib's Crystal Spear  Conj/Erth      0%         10d2      100%        8


Dungeon Overview and Level Annotations

Branches:
Dungeon (10/15)            Temple (1/1) D:5            Lair (5/5) D:9
 Shoals (0/4) Lair:2       Spider (0/4) Lair:3        Slime (0/5) Lair:4
    Orc (2/2) D:9         Ossuary (visited)         Volcano (visited)
    Elf: Orc:2

Altars:
Ashenzari
Cheibriados
Dithmenos
Elyvilon
Fedhas
Gozag
Hepliaklqana
Kikubaaqudgha
Makhleb
Nemelex Xobeh
Okawaru
Qazlal
Ru
Sif Muna
Trog
Uskayaw
Vehumet
Wu Jian
Xom
Yredelemnul
Zin
The Shining One
Jiyva

Shops:
D:2 *   D:3 [

Annotations:
Orc:2 Saint Roka


Innate Abilities, Weirdness & Mutations

You have a pair of horns on your head.
You reflexively headbutt those who attack you in melee.


Message History

Your orange demon stings the orc warrior.
Your orange demon hits the orc warrior but does no damage.
The warg bites your orange demon but does no damage.
You slash the orc! Lightning courses through the orc!!
You kill the orc!
Makhleb accepts your kill.
You feel better.
The orc warrior no longer looks unusually strong.
Saint Roka roars a battlecry!
The orc warrior goes into a battle-frenzy!
The orc warrior hits your orange demon with a +0 trident.
The orc warrior hits you but does no damage.
The orc priest closely misses you. The warg bites your orange demon!
The orc warrior hits you but does no damage.
Your orange demon stings the orc warrior.
The orc warrior dies!
Makhleb accepts your kill.
You slash the orc priest!
The orc priest is severely wounded.
The orc warrior hits you from afar with a +0 glaive!
* * * LOW HITPOINT WARNING * * *
You block the orc priest's attack.
Saint Roka calls down the wrath of Beogh upon you.
Beogh smites you!
* * * LOW HITPOINT WARNING * * *
You block the orc warrior's attack.
Your orange demon stings the warg.
Your orange demon closely misses the warg.
You hit the orc priest but do no damage.
The orc priest is severely wounded.
You slash the orc priest!
You kill the orc priest!
Makhleb accepts your kill. The troll closely misses you.
You furiously retaliate!
You headbutt the troll! You block the troll's attack.
The troll claws you but does no damage. You block the orc warrior's attack.
The orc warrior barely misses you.
Your orange demon stings the warg from afar!
The warg bites you but does no damage.
Saint Roka mumbles some strange prayers to Beogh against you.
Beogh smites you!
You die...

....................#
##......#.........#...
###......#..............
##.....)......#..##....##
#..................#..###
#.....#..........###
##o)o.##........#.##
##.#ooo#.#..........#
##.4o#T@..........#.##
##....h)).........#...#
#.........#..........##
##.##................#
#.. ###.............## ##
##...#.......##
##.##......## ####.....##
##...##


You could see Saint Roka, a troll, a warg, 2 orc warriors, an orc wizard
(strong, invisible) and an orc (strong).

Vanquished Creatures
  Josephine (Lair:5)
  3 catoblepae (Lair:5)
  The ghost of Forogyes the Transmogrifier, a journeyman FeSu of Gozag (Orc:1)
  A hydra (Lair:4)
  8 death yaks (Lair:5)
  Erica (D:8)
  3 two-headed ogres
  Sonja (Lair:3)
  The ghost of Tenz the Nimble, a novice MfIE of Sif Muna (D:8)
  The ghost of Dirtsage the Carver, a novice VSGl of the Shining One (D:9)
  2 skeletal warriors (Volcano)
  3 skysharks
  An orb spider (Lair:3)
  An anaconda skeleton (Volcano)
  Pikel (D:4)
  6 orc knights
  3 orc sorcerers (Orc:2)
  An ugly thing (D:10)
  2 elephants (Lair:4)
  3 manticores (Lair:5)
  A merfolk siren (Lair:2)
  Maurice (D:8)
  2 black mambas
  10 cane toads
  3 gargoyles (Volcano)
  Joseph (D:8)
  6 rime drakes
  Maggie (D:8)
  7 komodo dragons
  2 merfolk (Lair:2)
  5 polar bears
  3 trolls
  19 blink frogs
  2 alligator skeletons (Volcano)
  3 flying skulls (Volcano)
  3 wraiths (Lair:5)
  43 yaks
  3 wyverns
  4 basilisks
  Grum (D:8)
  3 wargs
  Edmund (D:4)
  9 water moccasins
  6 ice beasts
  30 orc warriors
  3 hornet zombies (Ossuary)
  4 black bears
  3 ogres
  7 wolves
  9 centaurs
  Blork the orc (D:5)
  2 wyvern zombies (Ossuary)
  8 bullfrogs
  2 necrophages
  4 scorpions
  6 water moccasin zombies (Ossuary)
  9 wights
  16 killer bees
  3 electric eels (D:8)
  A troll skeleton (Volcano)
  3 howler monkeys
  2 centaur zombies (Ossuary)
  6 bullfrog zombies (Ossuary)
  A gnoll bouda (D:6)
  18 orc priests
  7 hounds
  7 jellies
  7 mummies (Ossuary)
  4 iguanas
  18 orc wizards
  A killer bee zombie (Ossuary)
  A centaur simulacrum (D:8)
  A naga skeleton (Volcano)
  A killer bee simulacrum (D:8)
  A howler monkey zombie (Ossuary)
  8 gnolls
  7 adders
  4 shadow imps
  7 white imps (D:8)
  2 howler monkey simulacra (D:8)
  5 ufetubi
  3 worms
  2 dart slugs
  47 orcs
  7 endoplasms
  2 giant cockroaches (D:1)
  12 goblins
  6 hobgoblins
  2 jackals (D:3)
  8 kobolds
  6 quokkas
  6 ball pythons
  5 bats
  4 frilled lizards
  8 rats
520 creatures vanquished.

Vanquished Creatures (collateral kills)
  An elephant (Lair:4)
  A troll (Orc:2)
  4 yaks (Lair:5)
  9 orc warriors (Orc:2)
  2 centaurs (Orc:2)
  3 orc priests (Orc:2)
  An orc wizard (Orc:2)
  A gnoll (Orc:1)
  12 orcs
34 creatures vanquished.

Vanquished Creatures (others)
  42 fungi
  36 plants
  17 withered plants
95 creatures vanquished.

Grand Total: 649 creatures vanquished

Notes
Turn   | Place    | Note
-------+----------+-------------------------------------------
     0 | D:1      | funkygono the Minotaur Fighter began the quest for the Orb.
     0 | D:1      | Reached XP level 1. HP: 19/19 MP: 0/0
   129 | D:1      | Reached XP level 2. HP: 27/27 MP: 1/1
   432 | D:1      | Reached XP level 3. HP: 28/33 MP: 2/2
   982 | D:2      | Reached XP level 4. HP: 40/40 MP: 3/3
  1369 | D:2      | Found Evedik's Assorted Antiques.
  1466 | D:2      | Identified the +1 kite shield of the Chupacabra {+Blink
                  | rC+}
  1807 | D:3      | Found Kuall's Armour Shop.
  1813 | D:3      | You fall into a shaft and drop 2 floors!
  1813 | D:5      | Entered Level 5 of the Dungeon
  1855 | D:5      | Noticed an ogre
  1864 | D:5      | Killed an ogre
  1865 | D:5      | Reached XP level 5. HP: 47/47 MP: 4/4
  1874 | D:5      | Reached skill level 5 in Long Blades
  1889 | D:5      | Found a sand-covered staircase.
  1909 | D:5      | Reached skill level 5 in Armour
  1909 | D:5      | Reached XP level 6. HP: 26/53 MP: 5/5
  1929 | D:5      | Reached skill level 1 in Dodging
  2027 | Ossuary  | Entered an ossuary
  2079 | Ossuary  | Reached XP level 7. HP: 55/60 MP: 6/6
  2141 | Ossuary  | Reached skill level 5 in Fighting
  2228 | Ossuary  | Reached skill level 5 in Shields
  2431 | Ossuary  | Reached XP level 8. HP: 48/69 MP: 7/7
  3115 | D:5      | Noticed Blork the orc
  3131 | D:5      | Killed Blork the orc
  3139 | D:5      | Reached skill level 10 in Long Blades
  3316 | D:4      | Noticed Pikel
  3336 | D:4      | Killed Pikel
  3337 | D:4      | Reached XP level 9. HP: 76/79 MP: 8/8
  3343 | D:4      | Noticed Edmund
  3353 | D:4      | Killed Edmund
  3595 | D:4      | Found a glowing golden altar of the Shining One.
  3827 | D:3      | Identified the +0 dagger "Ysymut" {heavy, rN++ Str+3}
  4065 | D:3      | Noticed an angel
  4067 | D:3      | Found a glowing silver altar of Zin.
  4067 | D:3      | Found a shimmering altar of Xom.
  4781 | D:5      | Found a staircase to the Ecumenical Temple.
  4789 | Temple   | Entered the Ecumenical Temple
  4846 | Temple   | Became a worshipper of Makhleb the Destroyer
  5371 | D:5      | Reached skill level 1 in Throwing
  5477 | D:6      | Found a hazy altar of Hepliaklqana.
  5785 | D:6      | Found a bloodstained altar of Trog.
  5803 | D:6      | Reached skill level 1 in Stealth
  6275 | D:6      | Found a shadowy altar of Dithmenos.
  6363 | D:7      | Reached XP level 10. HP: 68/86 MP: 9/9
  6620 | D:7      | Reached * piety under Makhleb
  6825 | D:7      | Found a sparkling altar of Nemelex Xobeh.
  7445 | D:8      | Noticed Maggie
  7462 | D:8      | Killed Maggie
  7588 | D:8      | Found an ornate altar of the Wu Jian Council.
  7599 | D:8      | Noticed Joseph
  7653 | D:8      | Killed Joseph
  7786 | D:8      | Noticed Maurice
  7807 | D:8      | Paralysed by something for 2 turns
  7822 | D:8      | Paralysed by something for 4 turns
  7852 | D:8      | Killed Maurice
  7928 | D:8      | Reached ** piety under Makhleb
  7949 | D:8      | Noticed Erica
  7955 | D:8      | Killed Erica
  7993 | D:8      | Identified the +11 short sword of Equivalence {flame,
                  | rCorr}
  8132 | D:8      | Noticed a two-headed ogre
  8157 | D:8      | Killed a two-headed ogre
  8365 | D:8      | Reached XP level 11. HP: 64/94 MP: 10/10
  8695 | D:8      | Noticed Grum
  8738 | D:8      | Killed Grum
  9024 | D:9      | Noticed a two-headed ogre
  9036 | D:9      | Killed a two-headed ogre
  9037 | D:9      | Reached skill level 10 in Armour
  9132 | D:9      | Reached skill level 10 in Shields
  9263 | D:9      | Reached *** piety under Makhleb
  9710 | D:9      | Found a staircase to the Lair.
  9841 | D:10     | Entered Level 10 of the Dungeon
  9856 | D:10     | Noticed a two-headed ogre
  9986 | D:9      | Found a runed translucent gate.
  9987 | D:9      | Found a runed translucent gate.
  9989 | D:9      | Found a runed translucent gate.
 10083 | D:9      | Noticed Dirtsage's ghost (novice VSGl)
 10084 | D:9      | Noticed Tenz's ghost (novice MfIE)
 10155 | D:9      | Found a staircase to the Orcish Mines.
 10568 | D:8      | Killed Tenz's ghost
 10911 | D:9      | Killed Dirtsage's ghost
 11016 | D:10     | Killed a two-headed ogre
 11037 | D:10     | Noticed a cyan ugly thing
 11082 | D:10     | Killed a cyan ugly thing
 11083 | D:10     | Reached XP level 12. HP: 85/105 MP: 11/11
 11574 | D:10     | Found a shimmering blue altar of Sif Muna.
 11695 | Lair:1   | Entered Level 1 of the Lair of Beasts
 11982 | Lair:1   | Reached skill level 10 in Fighting
 11999 | Lair:1   | Reached **** piety under Makhleb
 12134 | Lair:1   | Reached skill level 1 in Evocations
 12354 | Lair:1   | Reached skill level 1 in Invocations
 12837 | Lair:2   | Found a dark tunnel.
 12844 | Volcano  | Entered a volcano
 13686 | Lair:2   | Reached XP level 13. HP: 113/116 MP: 14/14
 13824 | Lair:2   | Identified the +6 trident "Sarcophage" {flame, Drain rN+
                  | Dex+5}
 13832 | Lair:2   | Reached skill level 15 in Long Blades
 14065 | Lair:2   | Reached ***** piety under Makhleb
 14202 | Lair:2   | Found a staircase to the Shoals.
 14554 | Lair:3   | Found a hole to the Spider Nest.
 14851 | Lair:3   | Noticed Sonja
 14877 | Lair:3   | Killed Sonja
 16091 | Lair:4   | Found a runed translucent door.
 16092 | Lair:4   | Found a viscous altar of Jiyva.
 16095 | Lair:4   | Found a staircase to the Slime Pits.
 16221 | Lair:4   | Reached skill level 5 in Invocations
 16406 | Lair:4   | You fall into a shaft and drop 1 floor!
 16406 | Lair:5   | Entered Level 5 of the Lair of Beasts
 16406 | Lair:5   | Noticed Josephine
 17485 | Lair:5   | Killed Josephine
 18190 | Lair:5   | Reached XP level 14. HP: 58/126 MP: 17/17
 18702 | Lair:5   | Reached skill level 15 in Shields
 19347 | Orc:1    | Entered Level 1 of the Orcish Mines
 19529 | Orc:1    | Found a runed translucent door.
 19529 | Orc:1    | Noticed Forogyes's ghost (journeyman FeSu)
 19762 | Orc:1    | Killed Forogyes's ghost
 19904 | Orc:2    | Entered Level 2 of the Orcish Mines
 20984 | Orc:2    | Noticed Saint Roka
 21012 | Orc:2    | HP: 5/127 [Saint Roka/divine providence (12)]
 21015 | Orc:2    | Killed from afar by Saint Roka

Illustrated notes

Levels and vault maps discovered:
D:1:      lemuel_arrival_tunnels, layout_basic, st_stairs_2
D:2:      cheibrodos_helix_gallery, layout_basic, serial_shops,
          nicolae_shop_overgrown_old_shop, glass_columns_b, minivault_26,
          minmay_joined_circles
D:3:      layout_basic, grunt_temple_overflow_order_and_chaos_1, serial_shops,
          shop, minmay_circle_x
D:4:      layout_rooms, tso_altar, serial_curves, eino_curves_03,
          eino_curves_02, eino_curves_04, eino_curves_02,
          minmay_misc_feat_pillars, uniq_edmund, uniq_pikel
D:5:      layout_basic, minmay_temple_entry_proselytizer, enter_ossuary_1,
          minmay_diced_spiral, uniq_blork_the_orc
D:6:      layout_loops_ring, kennysheep_mini, mainiacjoe_overflow_brackets,
          marbit_many_paths, nicolae_fountain_basement
D:7:      layout_loops_ring, kennysheep_little_box
D:8:      layout_basic, mainiacjoe_overflow_six_doors_small, serial_ice,
          serial_ice_b, serial_ice_e, serial_ice_j, serial_ice_f, serial_ice_a,
          serial_ice_m, serial_ice_d, uniq_erica, uniq_maurice, uniq_maggie,
          uniq_joseph, uniq_grum
D:9:      layout_roguey, grunt_lair_entry_orc_guard_hut, david_orc_4,
          gammafunk_ghost_cemetery, david_defended_altar_orc
D:10:     layout_cave_pools, tgw_sif
Temple:   hellmonk_temple_forest_ring
Lair:1:   layout_cave_pods
Lair:2:   layout_cave_pods, elwin_shoals_entry_rooms, enter_volcano_2
Lair:3:   layout_chaotic_city, nicolae_spider_entry_orb_guardian, uniq_sonja
Lair:4:   layout_cave_pods, slime_entry_2
Lair:5:   evilmike_catoblepas_cave, layout_concentric_octagons, uniq_josephine
Orc:1:    layout_diamond_mine, gammafunk_ghost_grave, minmay_orc_barracks
Orc:2:    st_orc_rangers, layout_caves, gauntlet_entry_generic, serial_shops,
          shop_fountains, uniq_saint_roka

Skill      XL: |  1  2  3  4  5  6  7  8  9 10 11 12 13 14 |
---------------+-------------------------------------------+-----
Armour         | 4 5 6 7 8 9 11 12 13 14 | 14.3
Fighting       | 4 5 7 8 9 11 12 | 12.7
Long Blades    | 3 4 5 6 8 10 11 13 14 15 | 15.7
Shields        | 4 5 6 7 9 11 13 14 15 | 15.7
Dodging        | 1 2 4 |  4.2
Throwing       | 1 2 3 |  3.2
Stealth        | 1 2 |  2.3
Evocations     | 2 |  2.1
Invocations    | 2 6 7 |  7.4

Action                     |  1- 3 |  4- 6 |  7- 9 | 10-12 | 13-15 || total
---------------------------+-------+-------+-------+-------+-------++-------
  Melee: Long sword        |   100 |   101 |   239 |       |       ||   440
         Headbutt          |     5 |    19 |    78 |   182 |   195 ||   479
         Falchion          |       |       |   186 |   978 |   811 ||  1975
  Throw: Boomerang         |       |       |    15 |    25 |    16 ||    56
 Invoke: Minor Destruction |       |       |       |    19 |    96 ||   115
         Lesser Servant of |       |       |       |     1 |    21 ||    22
         Major Destruction |       |       |       |       |     1 ||     1
Ability: Evoke Blink       |       |       |       |     2 |     1 ||     3
  Evoke: Wand              |       |       |       |    17 |       ||    17
         Piece from Xom's  |       |       |       |     2 |       ||     2
    Use: Potion            |       |       |     1 |    10 |     1 ||    12
         Scroll            |       |       |    19 |    12 |     4 ||    35
   Stab: Invisible         |       |       |       |     2 |       ||     2
         Distracted        |       |       |       |       |     3 ||     3
         Petrified         |       |       |       |       |     3 ||     3
 Armour: Scale mail        |    46 |    13 |       |       |       ||    59
         Chain mail        |       |    30 |   191 |    50 |       ||   271
         Crystal plate arm |       |       |       |   345 |   445 ||   790
         Swamp dragon scal |       |       |       |    11 |       ||    11
         Skin              |       |       |       |     2 |       ||     2
  Dodge: Dodged            |    45 |    49 |   137 |   166 |   262 ||   659
  Block: Buckler           |    23 |    22 |    65 |       |       ||   110
         Kite shield       |       |       |    54 |   391 |   597 ||  1042

Table legend: (Time is in decaauts)
 A = Elapsed time spent in this place.
 B = Non-inter-level travel time spent in this place.
 C = Inter-level travel time spent in this place.
 D = Time resting spent in this place.
 E = Time spent auto-exploring this place.
 F = Levels seen in this place.
 G = Mean time per level.
                   A        B        C        D        E       F      G
               +--------+--------+--------+--------+--------+-----+--------+
         Total |  20665 |  19706 |    959 |   1522 |  13141 |  20 | 1033.2 |
       Dungeon |  10541 |  10044 |    497 |    576 |   6866 |  10 | 1054.1 |
        Temple |    140 |    133 |      7 |      0 |    113 |   1 |  140.0 |
          Lair |   6789 |   6353 |    436 |     33 |   5106 |   5 | 1357.8 |
  Orcish Mines |   1573 |   1555 |     18 |    330 |    715 |   2 |  786.5 |
       Ossuary |   1069 |   1069 |      0 |    458 |    202 |   1 | 1069.0 |
       Volcano |    550 |    550 |      0 |    125 |    138 |   1 |  550.0 |
               +--------+--------+--------+--------+--------+-----+--------+

Top non-repeatable levels by time:
     D:8: 2005 daAuts
  Lair:5: 1825 daAuts
     D:9: 1544 daAuts
  Lair:4: 1390 daAuts
  Lair:3: 1232 daAuts
  Lair:2: 1187 daAuts
  Lair:1: 1154 daAuts
     D:7: 1105 daAuts
     D:2: 1089 daAuts
 Ossuary: 1069 daAuts
     D:5: 958 daAuts
     D:6: 905 daAuts
   Orc:1: 883 daAuts
     D:4: 838 daAuts
     D:1: 738 daAuts
